 Dungeon Crawl Stone Soup version 0.26-a0-412-ga3d1f51b (webtiles) character file.

Game seed: 11304635144654578337

193 Dorkslayer the Shield-Bearer (level 5, -4/47 HPs)
             Began as a Hill Orc Fighter on July 24, 2020.
             Was an Initiate of the Shining One.
             Slain by an iguana (10 damage)
             ... on level 4 of the Dungeon.
             The game lasted 00:07:37 (1884 turns).

Dorkslayer the Shield-Bearer (Hill Orc Fighter)     Turns: 1884, Time: 00:07:38

Health: -4/47      AC:  9    Str: 19    XL:     5   Next: 72%
Magic:  5/5        EV:  5    Int:  8    God:    the Shining One [......]
Gold:   144        SH: 11    Dex: 11    Spells: 4/4 levels left

rFire    . . .     SeeInvis .   a - +0 long sword
rCold    . . .     Faith    .   c - +2 kite shield
rNeg     . . .     Spirit   .   f - +0 chain mail
rPois    .         Reflect  .   (no helmet)
rElec    .         Harm     .   (no cloak)
rCorr    .                      (no gloves)
MR       .....                  (no boots)
Stlth    ..........             (no amulet)
HPRegen  0.15/turn              (no ring)
MPRegen  0.09/turn              (no ring)

@: mighty, glowing
A: evolution 1
a: Renounce Religion


You were on level 4 of the Dungeon.
You worshipped the Shining One.
The Shining One was noncommittal.
You visited 1 branch of the dungeon, and saw 4 of its levels.

You collected 144 gold pieces.

Inventory:

Hand Weapons
 a - a +0 long sword (weapon)
Armour
 c - a +2 kite shield (worn)
 f - a +0 chain mail (worn)
Scrolls
 b - a scroll of immolation
 g - a scroll of identify
 j - a scroll of random uselessness
 k - 3 scrolls of remove curse
Potions
 d - a potion of might
 i - a potion of cancellation
 m - a potion of mutation


   Skills:
 + Level 4.3 Fighting
 + Level 4.3 Long Blades
 + Level 4.1 Armour
 + Level 0.3 Dodging
 + Level 4.4 Shields


You had 4 spell levels left.
You didn't know any spells.
Your spell library was empty.

Dungeon Overview and Level Annotations

Branches:
Dungeon (3/15)

Altars:
Dithmenos
Hepliaklqana
Nemelex Xobeh
The Shining One


Innate Abilities, Weirdness & Mutations

You evolve.


Message History

You kill the adder!
The jackal barely misses you.
The jackal bites you but does no damage.
You completely miss the iguana.
The jackal bites you but does no damage.
You block the jackal's attack. You block the iguana's attack.
You barely miss the iguana. The jackal barely misses you.
You block the jackal's attack. The iguana bites you!
* * * LOW HITPOINT WARNING * * *
You hit the iguana.
The iguana is moderately wounded.
The jackal bites you but does no damage.
You block the iguana's attack. You block the jackal's attack.
You completely miss the iguana.
The iguana is moderately wounded.
The jackal bites you but does no damage.
The iguana bites you but does no damage.
The jackal bites you but does no damage.
The iguana bites you!
You die... .. .. #.......###### .hh

#.......#
....#######)####
#.....#..))# ##
#.......#### ...
#.......#### ....
............## .?...
.#......###..##......
#......# ##h@lZ..#
.......## ####.....(
....... .##.. .#.....
# #.#...


You could see an iguana, a bullfrog zombie and a jackal.

Vanquished Creatures
  An orc wizard (D:4)
  4 gnolls (D:2)
  5 adders
  A shadow imp (D:2)
  An ooze (D:1)
  2 dart slugs
  2 leopard geckos
  5 orcs (D:4)
  A ball python (D:2)
  5 bats
  3 giant cockroaches
  2 hobgoblins (D:1)
  6 jackals (D:2)
  A quokka (D:4)
  10 frilled lizards
  6 goblins
  5 kobolds
  5 rats
65 creatures vanquished.

Notes
Turn   | Place    | Note
-------+----------+-------------------------------------------
     0 | D:1      | Dorkslayer the Hill Orc Fighter began the quest for the
                  | Orb.
     0 | D:1      | Reached XP level 1. HP: 19/19 MP: 1/1
   148 | D:1      | Reached XP level 2. HP: 27/27 MP: 2/2
   422 | D:1      | Reached XP level 3. HP: 33/33 MP: 3/3
   763 | D:2      | Found a glowing golden altar of the Shining One.
   782 | D:2      | Became a worshipper of the Shining One
   937 | D:2      | Found a faded altar of an unknown god.
   944 | D:2      | Reached XP level 4. HP: 23/40 MP: 4/4
  1229 | D:2      | Gained mutation: Your magical capacity is low. (-10% MP)
                  | [potion of mutation]
  1229 | D:2      | Gained mutation: You evolve. [potion of mutation]
  1401 | D:2      | Reached XP level 5. HP: 46/46 MP: 4/4
  1409 | D:2      | Found a glowing golden altar of the Shining One.
  1433 | D:2      | Lost mutation: Your magical capacity is low. (-10% MP)
                  | [evolution]
  1585 | D:3      | Found a sparkling altar of Nemelex Xobeh.
  1585 | D:3      | Found a hazy altar of Hepliaklqana.
  1803 | D:3      | Found a shadowy altar of Dithmenos.
  1803 | D:3      | You fall into a shaft and drop 1 floor!
  1884 | D:4      | Slain by an iguana

Illustrated notes

Levels and vault maps discovered:
D:1:      evilmike_arrival_fibonacci_small, layout_rooms, interstate_on_off,
          columned_hall_lemuel, minmay_tetromino_t4
D:2:      layout_loops_ring, nicolae_tso_swordbearing_angel,
          chequers_ecumenical_altar_simple_redux, serial_bayou_lagoon_a,
          kennysheep_flooded_box
D:3:      layout_basic, grunt_gozag_breadcrumbs, grunt_dithmenos_smoke,
          gammafunk_temple_overflow_wave, serial_corexii_hall,
          corexii_hall_statues_l, corexii_hall_statues_u
D:4:      layout_rooms, fedhas_altar_1, gup_sewer_entry_pipe,
          minmay_gold_behind_fungi

Skill      XL: |  1  2  3  4  5 |
---------------+----------------+-----
Fighting       | 4 |  4.3
Shields        | 4 |  4.4
Long Blades    | 3 4 |  4.3
Armour         | 4 |  4.1
Dodging        | |  0.3

Action                   |  1- 3 |  4- 6 || total
-------------------------+-------+-------++-------
Melee: Long sword        |   117 |   104 ||   221
  Use: Potion            |       |     4 ||     4
       Scroll            |       |     9 ||     9
Armor: Chain mail        |    85 |    78 ||   163
       Scale mail        |     2 |       ||     2
Dodge: Dodged            |    30 |    28 ||    58
Block: Kite shield       |    69 |    46 ||   115
       Rpst.: Long sword |     8 |     7 ||    15

Table legend: (Time is in decaauts)
 A = Elapsed time spent in this place.
 B = Non-inter-level travel time spent in this place.
 C = Inter-level travel time spent in this place.
 D = Time resting spent in this place.
 E = Time spent auto-exploring this place.
 F = Levels seen in this place.
 G = Mean time per level.
                   A        B        C        D        E       F      G
               +--------+--------+--------+--------+--------+-----+--------+
         Total |   1961 |   1961 |      0 |      0 |     64 |   4 |  490.2 |
       Dungeon |   1961 |   1961 |      0 |      0 |     64 |   4 |  490.2 |
               +--------+--------+--------+--------+--------+-----+--------+

Top non-repeatable levels by time:
     D:2: 781 daAuts
     D:1: 730 daAuts
     D:3: 358 daAuts
     D:4: 91 daAuts
